 Dungeon Crawl Stone Soup version 0.28.0-47-ge53b351184 (webtiles) character file.

Game seed: 11375525598236907265

518 Kenran the Sneak (level 7, -8/30 HPs)
             Began as a Felid Conjurer on Apr 29, 2022.
             Killed from afar by an acid dragon (28 damage)
             ... with a splash of acid
             ... on level 6 of the Dungeon.
             The game lasted 00:24:59 (7381 turns).

Kenran the Sneak (Felid Conjurer)                   Turns: 7381, Time: 00:25:01

Health: -8/30      AC:  6    Str:  3    XL:     7   Next: 1%
Magic:  9/13       EV: 18    Int: 21    God:
Gold:   526        SH:  0    Dex: 15    Spells: 5/13 levels left
                                        Lives:  0   Deaths: 2

rFire   . . .      SeeInvis +     - Unarmed
rCold   . . .      Faith    .   (shield unavailable)
rNeg    . . .      Spirit   .   (armour unavailable)
rPois   .          Reflect  .   (helmet unavailable)
rElec   .          Harm     .   (cloak unavailable)
rCorr   .          Rampage  .   (gloves unavailable)
Will    +....                   (boots unavailable)
Stlth   +++.......              (no amulet)
HPRegen 0.10/turn               d - +4 ring of protection
MPRegen 0.13/turn               o - ring of wizardry

@: quick
A: very small, claws 1, fangs 3, see invisible, speed 1, shaggy fur 2, stealthy
paws, no weapons or thrown items, no armour, multi-lived
a: no special abilities


You were on level 6 of the Dungeon.
You visited 1 branch of the dungeon, and saw 6 of its levels.
You also visited: Ossuary.

You collected 526 gold pieces.

Inventory:

Jewellery
 d - a +4 ring of protection (left paw)
 l - a +6 ring of strength
 o - a ring of wizardry (right paw)
 v - the ring of the Tortoise {AC+8}
   (You found it on level 5 of the Dungeon)

   [ring of protection]

   AC:        It affects your AC (+8).
 w - a +4 ring of protection
Wands
 p - a wand of iceblast (6)
Scrolls
 e - 2 scrolls of magic mapping {unknown}
 g - 2 scrolls of blinking
 j - a scroll of amnesia
 k - a scroll of torment {unknown}
 q - 2 scrolls of enchant armour {unknown}
 u - a scroll of teleportation {unknown}
 x - 2 scrolls of fear {unknown}
 y - 2 scrolls of vulnerability {unknown}
Potions
 a - 2 potions of might
 b - a potion of ambrosia {unknown}
 c - 2 potions of curing {unknown}
 f - a potion of attraction {unknown}
 h - 3 potions of flight
 i - 3 potions of berserk rage {unknown}
 m - 4 potions of heal wounds {unknown}
 r - a potion of cancellation {unknown}
 s - 2 potions of invisibility {unknown}
 t - 2 potions of mutation {unknown}
 z - 3 potions of degeneration {unknown}
 B - a potion of brilliance {unknown}
 C - a potion of haste {unknown}


   Skills:
 - Level 2.0 Fighting
 - Level 4.0 Dodging
 - Level 5.2 Stealth
 + Level 4.6 Unarmed Combat
 + Level 3.7 Spellcasting
 - Level 5.0 Conjurations
 + Level 2.9 Hexes
 - Level 3.0 Transmutations
 - Level 1.0 Poison Magic
 - Level 1.0 Evocations


You had 5 spell levels left.
You knew the following spells:

 Your Spells              Type           Power      Damage    Failure   Level
a - Magic Dart            Conj           96%        1d7       1%          1
b - Searing Ray           Conj           48%        2d6       1%          2
c - Spider Form           Tmut/Pois      12%        N/A       6%          3
d - Ensorcelled Hibernat  Hex/Ice        20%        N/A       4%          2

Your spell library contained the following spells:

 Spells                   Type           Power      Damage    Failure   Level
 Beastly Appendage        Tmut           32%        N/A       1%          1
 Wereblood                Tmut           16%        N/A       2%          2
 Dazzling Flash           Conj/Hex       40%        N/A       3%          3
 Passwall                 Tmut/Erth      8%         N/A       4%          2
 Fulminant Prism          Conj/Hex       10%        3d9       10%         4
 Swiftness                Air            3%         N/A       16%         3
 Iskenderun's Mystic Bla  Conj/Tloc      14%        2d5       17%         4


Dungeon Overview and Level Annotations

Branches:
Dungeon (6/15)            Ossuary (visited)
 Temple: D:4-7

Altars:
Okawaru
Sif Muna
Vehumet
Yredelemnul
The Shining One

Shops:
D:1 [   D:2 (   D:5 =

Annotations:
D:1 exclusion: 2 downstairs
D:3 2 transporters
D:4 1 runed translucent door, exclusion: black bear, SnailSD's ghost, amateur HOFi
D:5 exclusion: steam dragon


Innate Abilities, Weirdness & Mutations

You have sharp claws.
You have razor-sharp teeth.
You have supernaturally acute eyesight. (SInv)
You cover ground quickly. (Speed+)
You are covered in thick fur. (AC +2)
Your paws help you pounce on unaware monsters.
You are incapable of wielding weapons or throwing items.
You cannot wear armour.
You gain extra lives every three experience levels.


Message History

The bullfrog zombie hits you.
The bullfrog zombie hits you but does no damage.
You closely miss the bullfrog zombie.
The bullfrog zombie is severely damaged.
The bullfrog zombie completely misses you.
You claw the bullfrog zombie!
The bullfrog zombie is almost destroyed.
The bullfrog zombie hits you but does no damage.
You scratch the bullfrog zombie but do no damage.
The bullfrog zombie is almost destroyed.
The bullfrog zombie completely misses you.
You scratch the bullfrog zombie but do no damage.
The bullfrog zombie is almost destroyed.
The bullfrog zombie misses you.
You scratch the bullfrog zombie.
You destroy the bullfrog zombie!
Welcome back to level 7!
No target in view!
You see here 7 gold pieces.
A centaur is nearby!
You now have 526 gold pieces (gained 7).
The centaur shouts!
You scratch the centaur.
The centaur is lightly wounded.
The centaur hits you but does no damage.
The centaur closely misses you. The centaur misses you.
The centaur closely misses you.
You scratch the centaur but do no damage.
The centaur is lightly wounded.
The centaur hits you. The centaur completely misses you.
Casting: Magic Dart (safe; 1% risk of failure)
Confirm with . or Enter, or press ? or * to list all spells.
Aiming: Ensorcelled Hibernation (safe; 4% risk of failure)
Press: ? - help, Shift-Dir - straight line, f - centaur
Aim: a centaur, quivering arrows (lightly wounded, chance to affect: 44%)
The centaur looks drowsy...
The acid dragon spits acid at you. The splash of acid hits you!!
Ouch! That really hurt!
You die...

.# .# # .#.#
#######D#.#
#.......[.#
#.........#
######.c.......#
.......@.......#
......(........#
...............##
..................
..<.##.........###
.... #.........#
... ...........#
....##.........# #
#.........#


You could see an acid dragon (catching breath) and a centaur (asleep).

Vanquished Creatures
  Sigmund (D:4)
  2 black bears
  An ogre (D:4)
  An elf zombie (D:6)
  A jelly (D:5)
  2 bullfrog zombies
  2 orc priests
  A gnoll shaman (D:4)
  4 centaur skeletons
  An orc wizard (D:4)
  A hound skeleton (D:4)
  8 mummies (Ossuary)
  4 gnolls (D:4)
  6 adders
  A worm (D:2)
  2 dart slugs
  8 orcs
  A ball python (D:1)
  7 bats
  4 endoplasms
  4 giant cockroaches
  2 gnoll zombies (Ossuary)
  6 hobgoblins
  4 jackals
  3 quokkas
  7 goblins
  A hobgoblin zombie (Ossuary)
  5 kobolds
  A kobold zombie (Ossuary)
  3 orc skeletons (D:6)
  6 orc zombies
  5 rats
105 creatures vanquished.

Vanquished Creatures (others)
  4 plants (D:6)
4 creatures vanquished.

Grand Total: 109 creatures vanquished

Notes
Turn   | Place    | Note
-------+----------+-------------------------------------------
     0 | D:1      | Kenran the Felid Conjurer began the quest for the Orb.
     0 | D:1      | Reached XP level 1. HP: 7/7 MP: 4/4
   304 | D:1      | Reached XP level 2. HP: 11/11 MP: 3/6
   336 | D:1      | Learned a level 2 spell: Searing Ray
  1210 | D:2      | Reached XP level 3. HP: 14/14 MP: 4/7
  1293 | D:2      | Found Kered's Weapon Boutique.
  1488 | D:2      | Found a basalt altar of Yredelemnul.
  1734 | D:2      | Reached XP level 4. HP: 18/18 MP: 2/9
  1992 | D:3      | Noticed an ogre
  1994 | D:3      | Noticed an orc warrior
  2036 | D:3      | Noticed a phantom
  2040 | D:3      | Found a radiant altar of Vehumet.
  2109 | D:3      | Found an iron altar of Okawaru.
  2158 | D:3      | Found a faded altar of an unknown god.
  2277 | D:3      | Found a transporter.
  2519 | D:3      | Found a glowing golden altar of the Shining One.
  2520 | D:3      | Found a shimmering blue altar of Sif Muna.
  2710 | D:3      | Found a transporter.
  2979 | D:4      | Noticed a black bear
  3111 | D:4      | Reached skill level 1 in Fighting
  3128 | D:4      | Reached XP level 5. HP: 11/22 MP: 1/10
  3488 | D:4      | Learned a level 3 spell: Spider Form
  3525 | D:4      | Slain by an orc wizard
  3526 | D:4      | Reached XP level 4. HP: 0/19 MP: 6/9
  3654 | D:4      | Found a runed translucent door.
  3664 | D:4      | Noticed SnailSD's ghost (amateur HOFi)
  3683 | D:4      | Noticed Sigmund
  3690 | D:4      | Killed Sigmund
  3691 | D:4      | Reached skill level 5 in Conjurations
  3691 | D:4      | Reached skill level 1 in Transmutations
  3691 | D:4      | Reached skill level 1 in Poison Magic
  3691 | D:4      | Reached skill level 5 in Stealth
  3691 | D:4      | Reached XP level 5. HP: 16/22 MP: 2/10
  3871 | D:4      | Gained mutation: You are covered in thick fur. (AC +2)
                  | [Felid growth]
  3871 | D:4      | Reached XP level 6. HP: 21/26 MP: 3/11
  4511 | D:4      | Reached XP level 7. HP: 30/30 MP: 3/12
  4578 | D:4      | Learned a level 2 spell: Ensorcelled Hibernation
  4917 | D:4      | Identified the +8 quarterstaff "Arbiter" {freeze, MP+9}
  5019 | D:5      | Entered Level 5 of the Dungeon
  5034 | D:5      | Found Nifiats's Jewellery Shoppe.
  5178 | D:5      | Reached skill level 1 in Evocations
  5255 | D:5      | Reached skill level 1 in Hexes
  5318 | D:5      | Noticed a steam dragon
  5597 | D:5      | Found the ring of the Tortoise {AC+8}
  6509 | D:6      | Found a sand-covered staircase.
  6618 | Ossuary  | Entered an ossuary
  7357 | D:6      | Slain by an acid dragon
  7358 | D:6      | Reached XP level 6. HP: 0/26 MP: 10/12
  7373 | D:6      | Reached XP level 7. HP: 23/30 MP: 10/13
  7381 | D:6      | Killed from afar by an acid dragon

Illustrated notes

Levels and vault maps discovered:
D:1:      dpeg_arrival_orchard, layout_rooms, serial_shops, nicolae_shop_crystal
D:2:      layout_rooms, basic_altar, serial_shops,
          nicolae_shop_bloodbath_and_beyond, kennysheep_nub, minmay_pentomino_r4
D:3:      layout_rooms, gammafunk_temple_overflow_arena,
          mainiacjoe_overflow_cross_hatched, mainiacjoe_overflow_divided_tiny,
          hellmonk_ecumenical_altar_pennies_from_heaven
D:4:      layout_loops_corners, ebering_ghost_reflecting_pool, uniq_sigmund
D:5:      layout_basic, serial_shops, shop
D:6:      layout_basic, lemuel_crystal_altar, minmay_temple_entry_ruins,
          nicolae_ossuary_entry_catacombs, serial_bayou, serial_bayou_crossing,
          serial_bayou_shore_a, serial_bayou_shore_b, serial_bayou_pond_a,
          serial_bayou_shore_b, minmay_shop_grid_forest, uniq_grinder,
          uniq_edmund, uniq_blork_the_orc, uniq_crazy_yiuf_cottage

Skill      XL: |  1  2  3  4  5  6  7 |
---------------+----------------------+-----
Dodging        | 3 4 |  4.0
Stealth        | 3 5 |  5.2
Conjurations   | 4 5 |  5.0
Spellcasting   | 3 |  3.7
Fighting       | 2 |  2.0
Transmutations | 1 2 3 |  3.0
Poison Magic   | 1 |  1.0
Unarmed Combat | 3 4 |  4.6
Evocations     | 1 |  1.0
Hexes          | 2 |  2.9

Action                   |  1- 3 |  4- 6 |  7- 9 || total
-------------------------+-------+-------+-------++-------
Melee: Unarmed           |    14 |    14 |    44 ||    72
       Bite              |     3 |       |     4 ||     7
       Punch             |       |       |     1 ||     1
 Cast: Magic Dart        |    88 |   112 |    88 ||   288
       Searing Ray       |     2 |     7 |     6 ||    15
       Spider Form       |       |       |     2 ||     2
       Ensorcelled Hiber |       |       |     1 ||     1
Evoke: Wand              |       |       |     2 ||     2
  Use: Potion            |       |     1 |       ||     1
       Scroll            |       |       |     6 ||     6
 Stab: Sleeping          |       |     1 |     3 ||     4
Armor: Skin              |     2 |     5 |     7 ||    14
Dodge: Dodged            |    48 |    16 |    32 ||    96
